 Dungeon Crawl Stone Soup version 0.31-a0-237-g2d982f9f85 (webtiles) character file.

Game seed: 16073197413506186197

307641 Nattfarinn the Worldbinder (level 20, -5/161 HPs)
             Began as a Demonspawn Venom Mage on July 11, 2023.
             Was the Champion of Ashenzari.
             Killed from afar by a hell knight (29 damage)
             ... with a bolt of fire
             ... on level 2 of the Vaults.
             The game lasted 03:23:24 (45308 turns).

Nattfarinn the Worldbinder (Demonspawn Venom Mage) Turns: 45308, Time: 03:23:25

Health: -5/161     AC: 18    Str: 17    XL:     20   Next: 33%
Magic:  0/47       EV: 18    Int: 30    God:    Ashenzari [******]
Gold:   623        SH: 14    Dex: 18    Spells: 1/55 levels left

rFire   . . .        Y - +6 trident "Chained Sybil" {flame, rElec Will+, Elem, Cun} (curse)
rCold   + . .        o - +1 kite shield of the Sibylline Burden {rPois, Evo, Self} (curse)
rNeg    . . .        R - +1 leather armour "Seer of Ashenzari" {Fly Will+++ Dex-4, Self, Evo} (curse)
rPois   +            (helmet unavailable)
rElec   +            L - +1 cloak of the Bound God {Comp, Fort} (curse)
rCorr   .            T - +2 pair of gloves of the Gnostic Dogma {Str+3, Bglg, Comp} (curse)
SInv    +            y - +1 pair of boots of the Eye in the Sky {Evo, Elem} (curse)
Will    +++++        J - amulet "Sun of the Shackled God" {Acrobat Rampage MP+9 Str+6 Stlth-, Self, Alch} (curse)
Stlth   ++           G - ring "Ruined Anxiety" {Dex+6, Elem, Comp} (curse)
HPRegen 1.26/turn    j - ring of Star-Bound Wisdom {Int+6, Cun, Fort} (curse)
MPRegen 0.60/turn

%: acrobat, clarity, guardian spirit, rampage
@: about to teleport, calling dragons, flying
A: horns 3, icy blue scales 3, spiny 3, magic shield, magic regeneration,
corrupting presence 1, low MP 1, regeneration 1
}: 2/15 runes: serpentine, barnacled
a: Renounce Religion, Shatter the Chains


You were on level 2 of the Vaults.
You worshipped Ashenzari.
Ashenzari was exalted by your worship.
You visited 8 branches of the dungeon, and saw 35 of its levels.
You also visited: Sewer, Ossuary, Bailey and Gauntlet.

You collected 4025 gold pieces.
You spent 3402 gold pieces at shops.

Inventory:

Hand Weapons
 f - the +7 arbalest of the Hand {penet, *Slow rC+ MP+9 Int+2}
   (You found it on level 4 of the Shoals)

   Int:       It affects your intelligence (+2).
   rC:        It protects you from cold.
   MP:        It affects your magic capacity (+9).
   *Slow:     It may slow you when you take damage.
 P - the +9 trident of the Fool {heavy, +Blink rN+ Str+4}
   (You took it off a spriggan rider on level 3 of the Lair of Beasts)

   Str:       It affects your strength (+4).
   rN:        It protects you from negative energy.
   +Blink:    It lets you blink.
 Q - a +8 vampiric demon trident
 U - the +2 trident "Killer Klown's Death" {flame, Str+5}
   (You found it in a Gauntlet)

   Str:       It affects your strength (+5).
 Y - the cursed +6 trident "Chained Sybil" (weapon) {flame, rElec Will+, Elem, Cun}
   (You found it on level 5 of the Lair of Beasts)

   rElec:     It insulates you from electricity.
   Will:      It increases your willpower.
   It has a curse which improves the following skills: Elements: Fire Magic, Ice
   Magic, Air Magic and Earth Magic.
   Cunning:   Dodging and Stealth.
 Z - the +6 hand axe of Fedhas's Approval {heavy, rPois rC- rCorr Int+5}
   (You found it on level 5 of the Lair of Beasts)

   Int:       It affects your intelligence (+5).
   rC:        It makes you vulnerable to cold.
   rPois:     It protects you from poison.
   rCorr:     It protects you from acid and corrosion.
Armour
 o - the cursed +1 kite shield of the Sibylline Burden (worn) {rPois, Evo, Self}
   (You acquired it on level 2 of the Orcish Mines)

   It has a curse which improves the following skills: Evocations: Evocations.
   Introspection: Fighting and Spellcasting.
 p - a +1 cloak
 y - the cursed +1 pair of boots of the Eye in the Sky (worn) {Evo, Elem}
   (You found it on level 8 of the Dungeon)

   It has a curse which improves the following skills: Evocations: Evocations.
   Elements:  Fire Magic, Ice Magic, Air Magic and Earth Magic.
 L - the cursed +1 cloak of the Bound God (worn) {Comp, Fort}
   (You took it off Crazy Yiuf on level 5 of the Dungeon)

   It has a curse which improves the following skills: Companions: Summonings
   and Necromancy.
   Fortitude: Armour and Shields.
 R - the cursed +1 leather armour "Seer of Ashenzari" (worn) {Fly Will+++ Dex-4, Self, Evo}
   (You found it in a Gauntlet)

   Dex:       It affects your dexterity (-4).
   Fly:       It grants you flight.
   Will:      It greatly increases your willpower.
   It has a curse which improves the following skills: Introspection: Fighting
   and Spellcasting.
   Evocations: Evocations.
 T - the cursed +2 pair of gloves of the Gnostic Dogma (worn) {Str+3, Bglg, Comp}
   (You found it in a Gauntlet)

   It has a curse which improves the following skills: Beguiling: Conjurations,
   Hexes and Translocations.
   Companions: Summonings and Necromancy.
Jewellery
 h - the ring "Opninlum" {rF+ SInv}
   (You found it on level 4 of the Shoals)

   [ring of protection from fire]

   rF:        It protects you from fire.
   SInv:      It lets you see invisible.
 j - the cursed ring of Star-Bound Wisdom (right hand) {Int+6, Cun, Fort}
   (You found it on level 8 of the Dungeon)

   [ring of intelligence]

   Int:       It affects your intelligence (+6).
   It has a curse which improves the following skills: Cunning: Dodging and
   Stealth.
   Fortitude: Armour and Shields.
 u - a +6 ring of intelligence
 G - the cursed ring "Ruined Anxiety" (left hand) {Dex+6, Elem, Comp}
   (You found it on level 5 of the Dungeon)

   [ring of dexterity]

   Dex:       It affects your dexterity (+6).
   It has a curse which improves the following skills: Elements: Fire Magic, Ice
   Magic, Air Magic and Earth Magic.
   Companions: Summonings and Necromancy.
 J - the cursed amulet "Sun of the Shackled God" (around neck) {Acrobat Rampage MP+9 Str+6 Stlth-, Self, Alch}
   (You acquired it on level 2 of the Orcish Mines)

   [amulet of the acrobat]

   It increases your evasion while moving and waiting.
   Str:       It affects your strength (+6).
   MP:        It affects your magic capacity (+9).
   Rampage:   It bestows one free step when moving towards enemies.
   Stlth:     It makes you less stealthy.
   It has a curse which improves the following skills: Introspection: Fighting
   and Spellcasting.
   Alchemy:   Poison Magic and Transmutations.
 O - a ring of willpower
Wands
 q - a wand of light (10)
 s - a wand of flame (47)
 t - a wand of mindburst (43)
 C - a wand of charming (4)
 K - a wand of roots (69)
 V - a wand of digging (12)
 W - a wand of polymorph (19)
Scrolls
 a - 2 scrolls of enchant armour
 e - 3 scrolls of poison
 m - 7 scrolls of vulnerability
 n - 5 scrolls of revelation
 r - 9 scrolls of amnesia
 v - 4 scrolls of fog
 w - 5 scrolls of fear
 D - a scroll of silence
 S - 4 scrolls of teleportation
Potions
 b - 5 potions of magic
 c - 2 potions of invisibility
 d - 16 potions of curing
 g - 4 potions of heal wounds
 i - 9 potions of mutation
 k - 3 potions of resistance
 x - 3 potions of ambrosia
 z - 5 potions of might
 A - 6 potions of cancellation
 B - 7 potions of brilliance
 E - 7 potions of haste
 F - 3 potions of enlightenment
 M - 2 potions of berserk rage
 N - 6 potions of lignification
 X - 5 potions of attraction
Miscellaneous
 H - a phantom mirror
 I - a phial of floods


   Skills:
 - Level 10.1(14.8) Fighting
 - Level 11.9 Polearms
 - Level 7.7(11.4) Armour
 - Level 8.0(11.6) Dodging
 - Level 1.7(4.2) Stealth
 - Level 9.4(13.0) Shields
 - Level 13.7(18.4) Spellcasting
 + Level 8.1(10.6) Conjurations
 - Level 21.0(25.3) Summonings
 - Level 0.8(2.1) Transmutations
 - Level 3.3(7.2) Fire Magic
 - Level 7.6(12.3) Air Magic
 - Level 6.3(10.9) Earth Magic
 - Level 10.1(12.5) Poison Magic
 - Level 6.3(11.0) Evocations


You had one spell level left.
You knew the following spells:

 Your Spells              Type           Power      Damage    Failure   Level
a - Sting                 Tmut/Pois      100%       1d8       1%          1
b - Dragon's Call         Summ           55%        N/A       10%         9
c - Mephitic Cloud        Conj/Pois/Air  78%        N/A       1%          3
e - Olgreb's Toxic Radia  Pois           80%        N/A       1%          4
f - Summon Lightning Spi  Summ/Air       96%        N/A       0%          4
g - Ignite Poison         Fire/Tmut/Pois 64%        N/A       1%          3
h - Summon Mana Viper     Hex/Summ       81%        N/A       1%          5
i - Monstrous Menagerie   Summ           55%        N/A       1%          7
j - Airstrike             Air            40%        2d(6-22)  1%          4
k - Summon Hydra          Summ           55%        N/A       1%          7
l - Orb of Destruction    Conj           37%        9d11      32%         7

Your spell library contained the following spells:

 Spells                   Type           Power      Damage    Failure   Level
 Summon Small Mammal      Summ           100%       N/A       0%          1
 Beastly Appendage        Tmut           80%        N/A       1%          1
 Kiss of Death            Conj/Necr      100%       2d13      1%          1
 Magic Dart               Conj           100%       1d8       1%          1
 Shock                    Conj/Air       100%       1d9       1%          1
 Apportation              Tloc           58%        N/A       2%          1
 Necrotise                Necr           100%       1d9       2%          1
 Call Imp                 Summ           100%       N/A       0%          2
 Cigotuvi's Dreadful Rot  Necr/Pois/Air  100%       N/A       1%          2
 Poisonous Vapours        Pois/Air       100%       N/A       1%          2
 Static Discharge         Conj/Air       100%       2-7/arc   1%          2
 Wereblood                Tmut           40%        N/A       1%          2
 Dazzling Flash           Conj/Hex       100%       N/A       1%          3
 Hailstorm                Conj/Ice       57%        3d12      1%          3
 Inner Flame              Hex/Fire       50%        N/A       1%          3
 Spider Form              Tmut/Pois      64%        N/A       1%          3
 Summon Guardian Golem    Hex/Summ       81%        N/A       1%          3
 Swiftness                Air            80%        N/A       1%          3
 Vhi's Electric Charge    Tloc/Air       100%       N/A       1%          3
 Volatile Blastmotes      Fire/Tloc      100%       2d18      1%          3
 Flame Wave               Conj/Fire      69%        2d16      1%          4
 Sticky Flame             Conj/Fire      69%        2d8       1%          4
 Summon Ice Beast         Ice/Summ       82%        N/A       1%          4
 Arcjolt                  Conj/Air       38%        1d48      1%          5
 Lee's Rapid Deconstruct  Erth           38%        3d19*     1%          5
 Spellforged Servitor     Conj/Summ      47%        N/A       1%          7
 Petrify                  Tmut/Erth      61%        N/A       2%          4
 Ensorcelled Hibernation  Hex/Ice        60%        N/A       3%          2
 Sublimation of Blood     Necr           31%        N/A       3%          2
 Iskenderun's Mystic Bla  Conj/Tloc      57%        2d12      3%          4
 Leda's Liquefaction      Hex/Erth       28%        N/A       3%          4
 Freezing Cloud           Conj/Ice/Air   33%        6-21      3%          5
 Leda's Unmaking          Conj/Erth      37%        9d7       5%          6
 Irradiate                Conj/Tmut      30%        3d21      6%          5
 Silence                  Hex/Air        30%        N/A       6%          5
 Starburst                Conj/Fire      34%        6d10      12%         6
 Ice Form                 Ice/Tmut       36%        N/A       17%         4
 Eringya's Noxious Bog    Tmut/Pois      32%        4d6       24%         6
 Anguish                  Hex/Necr       15%        N/A       26%         4
 Cause Fear               Hex            14%        N/A       26%         4
 Passage of Golubria      Tloc           29%        N/A       26%         4
 Statue Form              Tmut/Erth      40%        N/A       32%         6
 Blade Hands              Tmut           20%        N/A       34%         5
 Agony                    Necr           31%        N/A       54%         5
 Maxwell's Capacitive Co  Air            40%        ∞         78%         8
 Lehudib's Crystal Spear  Conj/Erth      37%        10d9      94%         8
 Simulacrum               Ice/Necr       15%        N/A       98%         6
 Dragon Form              Tmut           20%        N/A       100%        7
 Ozocubu's Refrigeration  Ice            15%        4d10      100%        7
 Borgnjor's Revivificati  Necr           15%        N/A       100%        8
 Necromutation            Tmut/Necr      18%        N/A       100%        8
 Death's Door             Necr           15%        N/A       100%        9
 Polar Vortex             Ice            15%        12d2*     100%        9


Dungeon Overview and Level Annotations

Branches:
Dungeon (15/15)            Temple (1/1) D:5            Lair (5/5) D:9
 Shoals (4/4) Lair:2        Snake (4/4) Lair:3        Slime (0/5) Lair:4
    Orc (2/2) D:11            Elf (2/3) Orc:2        Vaults (2/5) D:13
 Depths (0/4) D:15          Sewer (visited)         Ossuary (visited)
 Bailey (visited)         Gauntlet (visited)
  Crypt: Vaults:2-3

Altars:
Ashenzari
Cheibriados
Dithmenos
Fedhas
Gozag
Hepliaklqana
Kikubaaqudgha
Makhleb
Nemelex Xobeh
Okawaru
Qazlal
Ru
Sif Muna
Trog
Uskayaw
Vehumet
Wu Jian
Xom
Yredelemnul

Shops:
D:1 :   Orc:2 ?*(:?   Elf:1 [   Shoals:2 *   Shoals:4 [   Snake:1 (((

Portals:
Trove: D:10 (give +6 demon blade)

Annotations:
Elf:2 2 transporters, Ennajel's ghost, adept DsMo


Innate Abilities, Weirdness & Mutations

You have a pair of large horns on your head.
You are completely covered in icy blue scales. (AC +4, rC+)
You are completely covered in sharp spines.
When hurt, damage is shared between your health and your magic reserves.
You regenerate magic rapidly.
Your presence sometimes corrodes those you injure.
Your magical capacity is low. (-10% MP)
Your natural rate of healing is unusually fast.


Message History

The hell knight shouts!
The bolt of fire misses you.
A hell knight breaks down the door.
A hell knight opens the door.
The hell knight hits you from afar with a +0 glaive of flaming!
* * * LOW HITPOINT WARNING * * *
The hell knight burns you!
* * * LOW HITPOINT WARNING * * *
Your yaktaur wields a +0 arbalest.
Your yaktaur shoots a bolt.
The bolt hits the hellephant.
Your lindwurm barely misses the hellephant.
Your lindwurm claws the hellephant.
Your lindwurm claws the hellephant but does no damage.
Your ice dragon bites the hellephant.
Your ice dragon barely misses the hellephant.
Your ice dragon tramples the hellephant but does no damage.
Your golden dragon bites the hell knight!!
The hell knight dies!
Your ice dragon bites the hell knight but does no damage.
Your ice dragon claws the hell knight!
Your ice dragon tramples the hell knight.
The hell knight holds its ground!
Your yaktaur wields a +0 arbalest.
Your yaktaur shoots a bolt.
The bolt barely misses the hellephant.
As you read the scroll of teleportation, it crumbles to dust.
You feel strangely unstable. A dragon arrives to answer your call!
Your centaur warrior hits the hell knight!
Your centaur warrior kicks the hell knight.
The hellephant blinks!
The hell knight utters an invocation to its god.
The hell knight seems to speed up.
The hell knight barely misses your ice dragon.
The hell knight prays to its god.
The hell knight seems to speed up.
Your quicksilver dragon bites the hell knight but does no damage.
Your quicksilver dragon closely misses the hell knight.
The hell knight mumbles some strange prayers to its god against you.
The bolt of fire hits the hell knight.
The hell knight completely resists.
The bolt of fire hits the hell knight.
The hell knight completely resists.
The bolt of fire hits your deep troll!! The bolt of fire hits you!!
You die...

................[...............#
####'############################
#..............# #..............#
#..''''''''''..# #..'++ + ++c.T#
#..' +++'+++Tc.# ####..'
+?.pD'DcT.#
...'..'++.pp?ppT@p###############
...#..' +DYYp'§k..'.............#
...#..'++$.?Dppc..#.............#
...#..' +++++++'c.#.............#
...#..'+ ++ +'..#.............#
...#..''''''''''..#.............#
####............cc#.............#
#..............###############
################


You could see 2 hellephants, 8 hell knights, a friendly ironbound preserver
(summoned), a friendly golden dragon (summoned), 2 friendly ice dragons, a
friendly quicksilver dragon (summoned), 4 friendly centaur warriors, 4 friendly
deep trolls, a friendly lindwurm (summoned) and 3 friendly yaktaurs.

Vanquished Creatures
  Jorgrun (Orc:2)
  A sphinx (Vaults:1)
  A vault warden (Vaults:1)
  3 ironbound preservers
  2 ironbound thunderhulks
  A deep elf demonologist (Elf:1)
  Azrael (D:13)
  A dire elephant (Vaults:2)
  2 deep elf death magi (Elf:1)
  2 merfolk javelineers
  A deep elf high priest (Elf:1)
  Fannar (Orc:1)
  5 merfolk impalers
  A yaktaur captain (Vaults:1)
  2 ogre magi (Orc:2)
  An ice dragon (D:15)
  A salamander tyrant (Snake:4)
  2 hydras
  Erica (Lair:2)
  3 merfolk avatars
  3 ironbound frosthearts
  6 centaur warriors
  3 alligator snapping turtles (Shoals:4)
  4 anacondas
  A tengu warrior (D:15)
  5 merfolk aquamancers (Shoals:4)
  13 two-headed ogres
  2 naga warriors (Snake:3)
  A satyr (Shoals:2)
  3 shock serpents
  10 dancing weapons
  2 death yaks (Lair:4)
  A hell knight (Vaults:2)
  5 naga sharpshooters
  A salamander mystic (Snake:4)
  10 deep elf knights
  Nergalle (Orc:1)
  7 sea snakes
  15 deep trolls
  4 deep elf archers
  2 naga ritualists
  3 ironbound convokers
  3 orc knights
  A mana viper (Snake:2)
  A wizard (Vaults:1)
  14 deep elf pyromancers
  14 deep elf zephyrmancers
  2 lindwurms (Vaults:1)
  An orc sorcerer (Orc:1)
  10 harpies
  9 fauns
  7 ugly things
  4 manticores
  8 elephants (Lair:5)
  6 merfolk sirens
  Maurice (D:13)
  19 black mambas
  7 cyclopes
  4 water nymphs
  3 naga magi
  A vault sentinel (Vaults:2)
  A black mamba (shapeshifter) (D:8)
  2 cane toads
  2 torpor snails
  11 yaktaurs
  8 komodo dragons
  A rime drake (Lair:5)
  12 trolls
  A queen bee (D:12)
  2 hornets
  2 wind drakes (Shoals:4)
  28 merfolk
  A raiju (Gauntlet)
  4 snapping turtles
  3 dream sheep
  6 blink frogs
  The ghost of Harunobu the Cudgeller, an amateur GrGl (D:7)
  A centaur simulacrum (D:15)
  17 slime creatures
  A jumping spider (shapeshifter) (D:8)
  6 flying skulls (Gauntlet)
  A shadow (D:11)
  2 air elementals (Elf:2)
  7 water elementals
  4 wraiths
  2 vampires
  A fire bat (Lair:5)
  35 yaks
  3 nameless horrors
  A human (shapeshifter) (D:13)
  2 fire elementals
  3 hogs (Shoals:3)
  A wyvern (Lair:5)
  2 steam dragons
  2 basilisks
  A warg (Orc:1)
  6 vampire mosquitoes
  10 nagas
  A swamp worm (Gauntlet)
  An acid dragon (D:12)
  25 orc warriors
  19 water moccasins
  A black bear (D:6)
  2 ice beasts
  3 sky beasts (D:7)
  19 ogres
  4 wolves
  11 boggarts
  5 centaurs
  4 kobold brigands
  5 bullfrogs
  A gnoll sergeant (D:7)
  5 scorpions
  A wight (D:10)
  15 killer bees
  5 electric eels
  3 howler monkeys (D:7)
  18 orc priests
  3 hounds
  4 jellies
  A gnoll bouda (D:8)
  Crazy Yiuf (D:5)
  3 sleepcaps
  Terence (D:2)
  10 iguanas
  15 orc wizards
  2 hell rats (Lair:1)
  A mummy (D:4)
  Robin (D:2)
  9 adders
  4 gnolls (D:2)
  A shadow imp (D:5)
  2 white imps
  An ufetubus (D:5)
  10 worms
  3 dart slugs (D:2)
  64 orcs
  8 endoplasms
  A giant cockroach (D:4)
  15 goblins
  13 hobgoblins
  17 jackals
  7 quokkas
  11 ball pythons
  4 bats
  7 frilled lizards
  A goblin zombie (D:4)
  22 kobolds
  A kobold zombie (D:4)
  11 rats
845 creatures vanquished.

Vanquished Creatures (collateral kills)
  Sojobo (Vaults:2)
  Vashnia (Snake:4)
  Nikola (Shoals:1)
  Rupert (Lair:4)
  Asterion (Snake:1)
  A deep elf blademaster (Elf:2)
  A sphinx (Vaults:1)
  Gastronok (Orc:1)
  Kirke (Shoals:3)
  2 tengu reavers (Vaults:2)
  2 nagarajas (Snake:4)
  A fire giant (Vaults:2)
  3 vault wardens
  The ghost of Kusto the Cruncher, a journeyman OgBe of Trog (Lair:3)
  A war gargoyle (Vaults:1)
  5 ironbound preservers (Vaults:1)
  A formless jellyfish (Vaults:1)
  4 ironbound thunderhulks
  A deep elf annihilator (Elf:2)
  A minotaur (Gauntlet)
  A deep elf demonologist (Elf:2)
  4 dire elephants (Vaults:2)
  2 merfolk javelineers
  7 merfolk impalers
  A yaktaur captain (Vaults:2)
  2 great orbs of eyes
  2 vault guards (Vaults:1)
  A rakshasa (D:11)
  2 salamander tyrants (Snake:4)
  A peacekeeper (Vaults:1)
  4 anacondas
  2 hydras
  3 merfolk avatars
  3 alligator snapping turtles
  2 centaur warriors
  An ice dragon (D:15)
  6 ironbound frosthearts
  4 boulder beetles
  2 catoblepae (Lair:2)
  2 death yaks (Lair:4)
  3 satyrs (Shoals:3)
  9 naga warriors
  3 two-headed ogres
  11 dancing weapons (Elf:2)
  10 naga sharpshooters
  The ghost of confidenceinterval the Protected, a novice GrHs of Gozag (D:9)
  5 hell knights (Vaults:2)
  6 shock serpents
  Sonja (D:13)
  5 deep elf knights (Elf:2)
  An iron troll (Orc:2)
  2 skysharks (Lair:5)
  3 salamander mystics
  A glowing orange brain (D:8)
  4 skeletal warriors (D:15)
  7 deep trolls (Vaults:1)
  7 sea snakes
  10 ironbound convokers
  4 harpies
  7 naga ritualists
  3 wizards
  3 lindwurms
  5 deep elf pyromancers
  6 deep elf zephyrmancers
  4 ugly things
  6 fauns (Shoals:3)
  The ghost of Scrael the Stinger, a novice DsVM of Dithmenos (D:8)
  2 cyclopes
  13 mana vipers
  8 manticores
  6 salamanders
  A merfolk siren (Shoals:3)
  3 guardian serpents
  A water nymph (Shoals:4)
  4 elephants (Lair:5)
  33 black mambas
  3 vault sentinels
  2 gargoyles
  16 naga magi
  5 cane toads
  An efreet (D:14)
  A nameless horror (Lair:5)
  A rime drake (Lair:5)
  10 komodo dragons
  6 yaktaurs
  A tengu conjurer (D:15)
  3 trolls
  14 merfolk
  4 polar bears
  2 hornets
  A wind drake (Shoals:4)
  4 blink frogs
  A hornet (shapeshifter) (D:8)
  A wind drake (shapeshifter) (D:14)
  6 dream sheep
  7 snapping turtles
  17 slime creatures
  An air elemental (Elf:2)
  4 flying skulls (Gauntlet)
  2 spriggans (Lair:3)
  A fire elemental (D:13)
  5 wyverns
  3 fire bats (Lair:5)
  A water elemental (Shoals:4)
  22 yaks
  A hog (Shoals:3)
  3 basilisks
  A vampire (D:12)
  4 steam dragons
  2 vampire mosquitoes (D:14)
  A neqoxec (D:8)
  2 swamp worms (Gauntlet)
  32 nagas
  2 hell hounds (D:13)
  7 water moccasins
  A sky beast (D:7)
  4 orc warriors
  An ice beast (D:8)
  3 wolves
  2 ogres (Orc:2)
  A phantom (D:7)
  2 bullfrogs
  5 wights
  A howler monkey (D:12)
  3 hounds
  An orc priest (Orc:2)
  A gnoll bouda (D:7)
  3 iguanas (Lair:1)
  6 orc wizards
  2 hell rats (Lair:1)
  3 gnolls (D:8)
  4 orcs
525 creatures vanquished.

Vanquished Creatures (others)
  A dancing weapon (Elf:2)
  An ugly thing (Vaults:1)
  A black mamba (Snake:1)
  A boggart (Vaults:1)
4 creatures vanquished.

Grand Total: 1374 creatures vanquished

Notes
Turn   | Place    | Note
-------+----------+-------------------------------------------
     0 | D:1      | Nattfarinn the Demonspawn Venom Mage began the quest for
                  | the Orb.
     0 | D:1      | Reached XP level 1. HP: 13/13 MP: 3/3
     1 | D:1      | Noticed an electric eel
   170 | D:1      | Gained mutation: You regenerate magic rapidly. [demonic
                  | ancestry]
   170 | D:1      | Reached XP level 2. HP: 19/19 MP: 1/5
   346 | D:1      | Found Itoise's Book Boutique.
   954 | D:1      | Reached XP level 3. HP: 23/24 MP: 1/6
  1226 | D:2      | Noticed Terence
  1240 | D:2      | Killed Terence
  1244 | D:2      | Learned a level 2 spell: Poisonous Vapours
  1248 | D:2      | Learned a level 3 spell: Mephitic Cloud
  1510 | D:2      | Gained mutation: You are partially covered in icy blue
                  | scales. (AC +2) [demonic ancestry]
  1510 | D:2      | Reached XP level 4. HP: 30/30 MP: 6/8
  1581 | D:2      | Learned a level 2 spell: Call Imp
  1959 | D:2      | Noticed Robin
  2226 | D:2      | Reached XP level 5. HP: 29/35 MP: 5/10
  2561 | D:2      | Found a faded altar of an unknown god.
  3151 | D:2      | Killed Robin
  3535 | D:3      | Learned a level 4 spell: Olgreb's Toxic Radiance
  3546 | D:3      | Found a bloodstained altar of Trog.
  4145 | D:4      | Found a radiant altar of Vehumet.
  4147 | D:4      | Noticed an ogre
  4296 | D:4      | Learned a level 1 spell: Magic Dart
  4340 | D:4      | Gained mutation: You are partially covered in sharp spines.
                  | [demonic ancestry]
  4340 | D:4      | Reached XP level 6. HP: 41/41 MP: 5/13
  4374 | D:4      | Found a sand-covered staircase.
  4427 | Ossuary  | Entered an ossuary
  4460 | D:4      | Reached skill level 5 in Spellcasting
  4796 | D:4      | Found a glowing drain.
  4821 | Sewer    | Entered a sewer
  5008 | Sewer    | Gained mutation: You are mostly covered in sharp spines.
                  | [demonic ancestry]
  5008 | Sewer    | Reached XP level 7. HP: 36/46 MP: 8/16
  5710 | D:5      | Entered Level 5 of the Dungeon
  5760 | D:5      | Found a sacrificial altar of Ru.
  5762 | D:5      | Found a shimmering altar of Xom.
  5763 | D:5      | Found a hazy altar of Hepliaklqana.
  5763 | D:5      | Found a snail-covered altar of Cheibriados.
  5764 | D:5      | Found a blossoming altar of Fedhas.
  5767 | D:5      | Reached skill level 5 in Poison Magic
  5770 | D:5      | Reached skill level 1 in Fighting
  5821 | D:5      | Found a shimmering blue altar of Sif Muna.
  6057 | D:5      | Found a staircase to the Ecumenical Temple.
  6084 | Temple   | Entered the Ecumenical Temple
  6313 | Temple   | Became a worshipper of Ashenzari the Shackled
  6454 | D:5      | Gained mutation: You have a pair of small horns on your
                  | head. [demonic ancestry]
  6454 | D:5      | Reached XP level 8. HP: 51/57 MP: 16/18
  6928 | D:5      | Found a runed translucent door.
  6929 | D:5      | Noticed Crazy Yiuf
  7105 | D:6      | Found a basalt altar of Yredelemnul.
  7308 | D:6      | Identified the +0 ring mail of the Tormentor {rC+ Dex+4
                  | Stlth+}
  7613 | D:6      | Reached skill level 1 in Summonings
  7618 | D:6      | Reached skill level 2 in Summonings
  7760 | D:6      | Found a burning altar of Makhleb.
  7791 | D:6      | Reached * piety under Ashenzari
  8013 | D:6      | Reached skill level 3 in Summonings
  8108 | D:7      | Found a flagged portal.
  8123 | Bailey   | Entered a bailey
  8161 | Bailey   | Reached skill level 4 in Summonings
  8161 | Bailey   | Reached XP level 9. HP: 67/67 MP: 8/19
  8162 | Bailey   | Reached skill level 5 in Fighting
  8291 | Bailey   | Found a large runed translucent door.
  8291 | Bailey   | Found a large runed translucent door.
  8291 | Bailey   | Noticed an orc knight
  8292 | Bailey   | Noticed a deep elf pyromancer
  8324 | Bailey   | Reached skill level 5 in Summonings
  8421 | Bailey   | Killed an orc knight
  8422 | Bailey   | Reached skill level 6 in Summonings
  8603 | Bailey   | Learned a level 4 spell: Summon Lightning Spire
  9048 | Bailey   | Killed a deep elf pyromancer
  9049 | Bailey   | Reached skill level 7 in Summonings
  9447 | D:7      | Found a runed translucent gate.
  9447 | D:7      | Found a runed translucent gate.
  9448 | D:7      | Found a runed translucent gate.
  9458 | D:7      | Noticed Harunobu's ghost (amateur GrGl)
  9541 | D:7      | Gained mutation: When hurt, damage is shared between your
                  | health and your magic reserves. [demonic ancestry]
  9541 | D:7      | Reached XP level 10. HP: 73/76 MP: 14/20
  9741 | D:7      | Reached skill level 5 in Air Magic
  9778 | D:7      | Reached skill level 8 in Summonings
  9926 | D:7      | Reached ** piety under Ashenzari
 10382 | D:7      | Killed Harunobu's ghost
 10585 | D:8      | Found a runed translucent gate.
 10585 | D:8      | Found a runed translucent gate.
 10585 | D:8      | Found a runed translucent gate.
 10585 | D:8      | Noticed a purple ugly thing
 10585 | D:8      | Noticed a glowing orange brain
 10585 | D:8      | Noticed a green ugly thing
 10594 | D:8      | Noticed a two-headed ogre
 10602 | D:8      | Noticed a brown ugly thing
 10605 | D:8      | Killed a two-headed ogre
 10931 | D:8      | Noticed a two-headed ogre
 10936 | D:8      | Killed a two-headed ogre
 10937 | D:8      | Reached skill level 9 in Summonings
 11133 | D:8      | Reached skill level 1 in Armour
 11133 | D:8      | Reached XP level 11. HP: 84/84 MP: 7/22
 11470 | D:9      | Found a runed translucent gate.
 11473 | D:9      | Found a runed translucent gate.
 11521 | D:9      | Noticed confidenceinterval's ghost (novice GrHs)
 11521 | D:9      | Noticed a ten-headed hydra
 11523 | D:9      | Found a runed translucent gate.
 11676 | D:9      | Found a staircase to the Lair.
 11690 | D:9      | Reached *** piety under Ashenzari
 12102 | D:10     | Entered Level 10 of the Dungeon
 12186 | D:10     | Found a portal to a secret trove of treasure.
 12515 | D:5      | Killed Crazy Yiuf
 12528 | D:5      | Reached **** piety under Ashenzari
 12667 | D:8      | Killed a white ugly thing
 12680 | D:8      | Killed a white ugly thing
 12686 | D:8      | Killed a red ugly thing
 12687 | D:8      | Reached skill level 5 in Dodging
 12703 | D:8      | Killed a glowing orange brain
 12708 | D:8      | Found a runed translucent gate.
 12708 | D:8      | Found a runed translucent gate.
 12711 | D:8      | Found a runed translucent gate.
 12720 | D:8      | Noticed Scrael's ghost (novice DsVM)
 12732 | D:8      | Reached skill level 5 in Armour
 12748 | D:8      | Killed Scrael's ghost
 13006 | D:8      | Gained mutation: You are weak. (Str -2) [mutagenic glow]
 13148 | D:10     | Lost mutation: You are weak. (Str -2) [potion of mutation]
 13148 | D:10     | Gained mutation: Your magical capacity is low. (-10% MP)
                  | [potion of mutation]
 13148 | D:10     | Gained mutation: You occasionally lose the ability to drink
                  | potions when taking damage. [potion of mutation]
 13149 | D:10     | Lost mutation: You occasionally lose the ability to drink
                  | potions when taking damage. [potion of mutation]
 13149 | D:10     | Lost mutation: Your magical capacity is low. (-10% MP)
                  | [potion of mutation]
 13149 | D:10     | Gained mutation: You are dopey. (Int -2) [potion of
                  | mutation]
 13149 | D:10     | Gained mutation: Your magical capacity is low. (-10% MP)
                  | [potion of mutation]
 13149 | D:10     | Gained mutation: Your natural rate of healing is unusually
                  | fast. [potion of mutation]
 13149 | D:10     | Lost mutation: You are dopey. (Int -2) [potion of mutation]
 13506 | Lair:1   | Entered Level 1 of the Lair of Beasts
 13621 | Lair:1   | Gained mutation: You are mostly covered in icy blue scales.
                  | (AC +3) [demonic ancestry]
 13621 | Lair:1   | Reached XP level 12. HP: 71/92 MP: 8/22
 13627 | Lair:1   | Found a gate leading to a gauntlet.
 13643 | Gauntlet | Entered a Gauntlet
 13643 | Gauntlet | Found a transporter.
 13698 | Gauntlet | Found a transporter.
 13700 | Gauntlet | Found a transporter.
 13713 | Gauntlet | Found a transporter.
 13715 | Gauntlet | Found a transporter.
 13716 | Gauntlet | Identified the ring "Juammadang" {Ice rPois Str+3 Dex-4}
 13720 | Gauntlet | Identified the Octavo of the Congregated Snowflakes
 13732 | Gauntlet | Found a transporter.
 13737 | Gauntlet | Noticed a green death
 13738 | Gauntlet | Identified the +0 pair of boots of a ziggurat {Dex+3}
 13739 | Gauntlet | Found a transporter.
 13748 | Gauntlet | Identified the +1 leather armour of Anaesthesia {Fly
                  | Will+++ Dex-4}
 13750 | Gauntlet | Found a transporter.
 13751 | Gauntlet | Identified the +1 pair of boots of Articulation {rN+}
 13755 | Gauntlet | Found a transporter.
 13758 | Gauntlet | Found a transporter.
 13762 | Gauntlet | Found a runed translucent door.
 13764 | Gauntlet | Found a transporter.
 13765 | Gauntlet | Found a transporter.
 13766 | Gauntlet | Found a runed translucent door.
 13787 | Gauntlet | Found a transporter.
 13787 | Gauntlet | Identified the ring "Uruihup" {AC+4 Dex+3}
 13802 | Gauntlet | Found a transporter.
 13823 | Gauntlet | Identified the +2 robe "Cavuroof" {Dex+4}
 13999 | Gauntlet | Noticed a minotaur
 14027 | Gauntlet | Killed a minotaur
 14076 | Gauntlet | Identified the Essays on the Icicle and Interference
 14078 | Gauntlet | Identified the +2 trident "Killer Klown's Death" {flame,
                  | Str+5}
 14164 | Lair:1   | Reached skill level 1 in Shields
 14410 | Lair:1   | Noticed a catoblepas
 14672 | Lair:1   | Reached skill level 5 in Shields
 15490 | Lair:2   | HP: 3/88 [komodo dragon (25)]
 15831 | Lair:2   | Gained mutation: You are completely covered in sharp
                  | spines. [demonic ancestry]
 15831 | Lair:2   | Reached XP level 13. HP: 96/96 MP: 16/22
 15912 | Lair:2   | Noticed Erica
 15930 | Lair:2   | Killed Erica
 16024 | Lair:2   | Found a staircase to the Shoals.
 16646 | Lair:3   | Learned a level 3 spell: Ignite Poison
 16939 | D:1      | Bought a book of Beasts for 418 gold pieces
 16945 | D:1      | Learned a level 5 spell: Summon Mana Viper
 17241 | Lair:3   | Found a staircase to the Snake Pit.
 17402 | Lair:3   | Identified the +4 scale mail "Wuwiyjee" {Int+2}
 17596 | Lair:3   | Found a runed translucent door.
 17599 | Lair:3   | Noticed Kusto's ghost (journeyman OgBe)
 17600 | Lair:3   | Identified the +9 trident of the Fool {heavy, +Blink rN+
                  | Str+4}
 17650 | Lair:3   | Reached skill level 1 in Fire Magic
 18082 | Lair:4   | Noticed Rupert
 18094 | Lair:4   | Killed Rupert
 18575 | Lair:4   | Reached skill level 10 in Poison Magic
 18733 | Lair:4   | Found a staircase to the Slime Pits.
 18891 | Lair:5   | Entered Level 5 of the Lair of Beasts
 19087 | Lair:5   | Reached skill level 10 in Summonings
 19196 | Lair:5   | Reached ***** piety under Ashenzari
 19278 | Lair:5   | Reached XP level 14. HP: 103/108 MP: 11/25
 19366 | Lair:5   | Learned a level 7 spell: Monstrous Menagerie
 19460 | Lair:5   | Reached skill level 11 in Summonings
 19699 | Lair:5   | Reached skill level 12 in Summonings
 20163 | Lair:5   | Identified the +6 trident of Otoonn Duaj {flame, rElec
                  | Will+}
 20163 | Lair:5   | Identified the +6 hand axe of Fedhas's Approval {heavy,
                  | rPois rC- rCorr Int+5}
 20695 | D:11     | Found a staircase to the Orcish Mines.
 20703 | D:11     | Reached skill level 1 in Polearms
 20733 | Orc:1    | Entered Level 1 of the Orcish Mines
 20750 | Orc:1    | Noticed Gastronok
 20859 | Orc:1    | Killed Gastronok
 21082 | Orc:2    | Entered Level 2 of the Orcish Mines
 21082 | Orc:2    | Noticed Jorgrun
 21082 | Orc:2    | Found Byqoro's Magic Scroll Shoppe.
 21090 | Orc:2    | Killed Jorgrun
 21239 | Orc:2    | Reached ****** piety under Ashenzari
 21275 | Orc:2    | Bought a scroll of acquirement for 832 gold pieces
 21275 | Orc:2    | Acquired a +1 kite shield of poison resistance
 21280 | Orc:2    | Found a staircase to the Elven Halls.
 21510 | Orc:2    | Found Neetize's Weapon Emporium.
 21516 | Orc:2    | Reached skill level 5 in Polearms
 21518 | Orc:2    | Found Saporpho's Book Shoppe.
 21531 | Orc:2    | Found Tajeiheapp's General Store.
 21690 | Orc:2    | Found Ilurch's Magic Scroll Shoppe.
 21694 | Orc:2    | Reached XP level 15. HP: 115/115 MP: 17/27
 22089 | Orc:1    | Noticed Nergalle
 22089 | Orc:1    | Noticed Fannar
 22093 | Orc:1    | Killed Nergalle
 22095 | Orc:1    | Killed Fannar
 22277 | Orc:2    | Bought a book of the Dragon for 644 gold pieces
 22627 | D:11     | Found a stormy altar of Qazlal.
 23856 | D:13     | Found the +3 pair of gauntlets of War {Slay+5}
 23862 | D:13     | Noticed Azrael
 23862 | D:13     | Noticed Sonja
 23877 | D:13     | Killed Azrael
 23880 | D:13     | Killed Sonja
 23962 | D:13     | Reached skill level 10 in Polearms
 24092 | D:13     | Identified the staff "Qiledoug" {rPois rF+ rC- Int+2 Fire}
 24095 | D:13     | Noticed Maurice
 24102 | D:13     | Killed Maurice
 24195 | D:13     | Found a gate to the Vaults.
 24678 | D:14     | Identified the Secrets of Disgusting Profane Arts
 24843 | D:14     | Found an iron altar of Okawaru.
 24851 | D:14     | Found an iron altar of Okawaru.
 24851 | D:14     | Found a shimmering altar of Xom.
 24880 | D:14     | Found a shimmering blue altar of Sif Muna.
 24880 | D:14     | Found a bloodstained altar of Trog.
 24880 | D:14     | Found a basalt altar of Yredelemnul.
 25053 | D:15     | Entered Level 15 of the Dungeon
 25483 | D:15     | Found a staircase to the Depths.
 25832 | Shoals:1 | Entered Level 1 of the Shoals
 26236 | Shoals:1 | Reached skill level 1 in Conjurations
 26339 | Shoals:1 | Gained mutation: You have a pair of horns on your head.
                  | [demonic ancestry]
 26339 | Shoals:1 | Reached XP level 16. HP: 117/117 MP: 23/27
 26916 | Shoals:1 | Noticed Nikola
 26927 | Shoals:1 | Killed Nikola
 27024 | Shoals:2 | Reached skill level 5 in Conjurations
 27424 | Shoals:2 | Found Omiholia's General Store.
 27853 | Shoals:3 | Reached skill level 1 in Earth Magic
 28144 | Shoals:3 | Identified the Elucidation of Lethal Changing
 28171 | Shoals:3 | Learned a level 4 spell: Airstrike
 28225 | Shoals:3 | Identified the +0 chain mail "Geuf" {rElec rPois rC+ rCorr}
 28234 | Shoals:3 | Noticed Kirke
 28258 | Shoals:3 | Killed Kirke
 28351 | Shoals:3 | Reached skill level 5 in Earth Magic
 29020 | Shoals:4 | Entered Level 4 of the Shoals
 29317 | Shoals:4 | Identified the +7 arbalest of the Hand {penet, *Slow rC+
                  | MP+9 Int+2}
 29812 | Shoals:4 | Gained mutation: You have a pair of large horns on your
                  | head. [demonic ancestry]
 29812 | Shoals:4 | Reached XP level 17. HP: 129/134 MP: 5/30
 29962 | Shoals:4 | Identified the ring "Opninlum" {rF+ SInv}
 30137 | Shoals:4 | Got a barnacled rune of Zot
 30576 | Shoals:4 | Found Hyrgh's Antique Armour Shoppe.
 30631 | Shoals:4 | Reached skill level 10 in Fighting
 31474 | Lair:3   | Killed Kusto's ghost
 31920 | Elf:1    | Entered Level 1 of the Elven Halls
 31925 | Elf:1    | Reached skill level 13 in Summonings
 31925 | Elf:1    | Reached skill level 1 in Evocations
 32457 | Elf:1    | Found Avuofod's Antique Armour Boutique.
 32929 | Elf:2    | Noticed a deep elf blademaster
 32929 | Elf:2    | Noticed a deep elf blademaster
 32933 | Elf:2    | Noticed Ennajel's ghost (adept DsMo)
 32935 | Elf:2    | Reached skill level 14 in Summonings
 32994 | Elf:2    | Identified the +10 whip of Moderation {antimagic, +Blink
                  | Will+}
 33014 | Elf:2    | Paralysed by an air elemental for 1 turns
 33327 | Elf:2    | Reached skill level 5 in Evocations
 33343 | Elf:2    | Found a runed translucent gate.
 33343 | Elf:2    | Found a runed translucent gate.
 33343 | Elf:2    | Found a runed translucent gate.
 33448 | Elf:2    | Noticed a deep elf blademaster
 33492 | Elf:2    | Learned a level 7 spell: Summon Hydra
 33516 | Elf:2    | Found a bloodstained altar of Trog.
 33522 | Elf:2    | Found a transporter.
 33525 | Elf:2    | Found a transporter.
 33828 | Elf:2    | Noticed a deep elf blademaster
 33845 | Elf:2    | Reached skill level 15 in Summonings
 33849 | Elf:2    | Killed a deep elf blademaster
 33876 | Elf:2    | Gained mutation: Your presence sometimes corrodes those you
                  | injure. [demonic ancestry]
 33876 | Elf:2    | Reached XP level 18. HP: 59/145 MP: 6/31
 34476 | Snake:1  | Entered Level 1 of the Snake Pit
 34563 | Snake:1  | Identified the +6 mace "Dyofodaw" {venom, Str+3 Int+3}
 34705 | Snake:1  | Found Lamibiur's Antique Weapon Shop.
 34707 | Snake:1  | Found Meug's Weapon Boutique.
 34710 | Snake:1  | Found Omunkude's Antique Weapon Shop.
 34897 | Snake:1  | Noticed Asterion
 34920 | Snake:1  | Killed Asterion
 36125 | Snake:2  | Reached skill level 16 in Summonings
 36144 | Snake:2  | Reached skill level 10 in Spellcasting
 37858 | Snake:3  | Reached skill level 17 in Summonings
 38792 | Snake:4  | Entered Level 4 of the Snake Pit
 39112 | Snake:4  | Noticed Vashnia
 39326 | Snake:4  | Killed Vashnia
 39327 | Snake:4  | Reached skill level 18 in Summonings
 39327 | Snake:4  | Gained mutation: You are completely covered in icy blue
                  | scales. (AC +4, rC+) [demonic ancestry]
 39327 | Snake:4  | Reached XP level 19. HP: 151/151 MP: 25/34
 40401 | Snake:4  | Got a serpentine rune of Zot
 40767 | D:9      | Killed confidenceinterval's ghost
 41083 | Orc:2    | Bought a scroll of acquirement for 832 gold pieces
 41122 | Orc:2    | Bought a scroll of acquirement for 676 gold pieces
 41125 | Orc:2    | Acquired the amulet "Wirooma" {Acrobat Rampage MP+9 Str+6
                  | Stlth-}
 41126 | Orc:2    | Acquired a book of Dangerous Friends
 41137 | Orc:2    | Learned a level 7 spell: Orb of Destruction
 41263 | Vaults:1 | Entered Level 1 of the Vaults
 41351 | Vaults:1 | Reached skill level 19 in Summonings
 41704 | Vaults:1 | Identified the +2 shortbow of Tumult {heavy, rElec Int+5
                  | Dex-3 Stlth+}
 42389 | Vaults:1 | Acquired a book of Air
 43199 | Vaults:1 | Reached skill level 20 in Summonings
 43814 | Vaults:2 | Reached XP level 20. HP: 161/161 MP: 28/37
 44458 | Vaults:2 | Noticed Sojobo
 44477 | Vaults:2 | Killed Sojobo
 44550 | Vaults:2 | Learned a level 9 spell: Dragon's Call
 44754 | Vaults:2 | Found a huge runed gate.
 44754 | Vaults:2 | Found a huge runed gate.
 44754 | Vaults:2 | Found a huge runed gate.
 44755 | Vaults:2 | Found a huge runed gate.
 44755 | Vaults:2 | Found a huge runed gate.
 44756 | Vaults:2 | Found a huge runed gate.
 44756 | Vaults:2 | Found a huge runed gate.
 44756 | Vaults:2 | Found a huge runed gate.
 44756 | Vaults:2 | Found a huge runed gate.
 44756 | Vaults:2 | Found a huge runed gate.
 44757 | Vaults:2 | Found a huge runed gate.
 44757 | Vaults:2 | Found a huge runed gate.
 44758 | Vaults:2 | Found a huge runed gate.
 44759 | Vaults:2 | Found a huge runed gate.
 44760 | Vaults:2 | Found a huge runed gate.
 44768 | Vaults:2 | Found a huge runed gate.
 44768 | Vaults:2 | Found a huge runed gate.
 44768 | Vaults:2 | Found a huge runed gate.
 44768 | Vaults:2 | Found a huge runed gate.
 44768 | Vaults:2 | Found a huge runed gate.
 44768 | Vaults:2 | Found a huge runed gate.
 44771 | Vaults:2 | Found a huge runed gate.
 44772 | Vaults:2 | Found a huge runed gate.
 44773 | Vaults:2 | Found a huge runed gate.
 44805 | Vaults:2 | Found a huge runed gate.
 44805 | Vaults:2 | Found a huge runed gate.
 44805 | Vaults:2 | Found a huge runed gate.
 44805 | Vaults:2 | Found a huge runed gate.
 44805 | Vaults:2 | Found a huge runed gate.
 44805 | Vaults:2 | Found a huge runed gate.
 44806 | Vaults:2 | Found a huge runed gate.
 44807 | Vaults:2 | Found a huge runed gate.
 44808 | Vaults:2 | Found a huge runed gate.
 44816 | Vaults:2 | Found a huge runed gate.
 44816 | Vaults:2 | Found a huge runed gate.
 44816 | Vaults:2 | Found a huge runed gate.
 44888 | Vaults:2 | Reached skill level 21 in Summonings
 45304 | Vaults:2 | Found the ring of the Mage {Wiz Archmagi}
 45304 | Vaults:2 | Identified the +12 orcbow of Oenomania {flame, rPois rC+
                  | Stlth+}
 45308 | Vaults:2 | Killed from afar by a hell knight

Illustrated notes

Levels and vault maps discovered:
D:1:      arrival_aquarium_a, layout_basic, serial_shops, shop, minivault_25
D:2:      minmay_diamond_boxcup, layout_loops_cross, basic_ecumenical_altar,
          uniq_robin, uniq_terence
D:3:      layout_loops_ring, mainiacjoe_overflow_chevrons
D:4:      layout_loops_cross, nicolae_vehumet_radiance,
          nicolae_ossuary_entry_giza, portal_sewer_entry_e, hex_medium
D:5:      layout_loops_ring, grunt_temple_overflow_open,
          minmay_temple_entry_slanted, uniq_crazy_yiuf_cottage
D:6:      layout_basic, nicolae_overflow_crystal_walls,
          makhleb_heckhound_becter, kennysheep_doodads
D:7:      minmay_bubble_buster, layout_cave_pools, gammafunk_ghost_split,
          enter_bailey_5, minmay_misc_feat_ornament, nicolae_water_bricks,
          hangedman_decor_push
D:8:      layout_basic, ploomutoo_gammafunk_ghost_potion_laboratory,
          nicolae_benzene_ring, minmay_misc_feat_hallway, corexii_checkpoint_b
D:9:      layout_rooms, erik_lair_island, gammafunk_ghost_hydra_chop
D:10:     layout_cave_pools, enter_trove_2
D:11:     layout_basic, orc_0_dummy, nicolae_qazlal_style_of_elements
D:12:     minmay_evil_eye, layout_loops_ring, dk_vineyard_1, hive_lemuel
D:13:     layout_small_grid, david_vaults_1, special_room [special_room_orc],
          grunt_ministairs_13, uniq_maurice, uniq_azrael, uniq_sonja
D:14:     layout_rooms, doesnt_xom_only_xom
D:15:     grunt_enter_depths_hoard, layout_rooms, serial_bayou_shore_b
Temple:   jpeg_temple_alley_garden
Lair:1:   beast_lair_carwin_large_4, layout_cave_pods, gauntlet_entry_generic,
          st_stairs_9, serial_bayou_lagoon_a
Lair:2:   layout_cave_shapes, minmay_shoals_entry_hut, bh_autumn_forest_stairs,
          chequers_serial_rivers_room_a, grunt_megastairs_3, uniq_erica
Lair:3:   layout_gridlike, minmay_snake_entry_six_corridors,
          ebering_ghost_funeral_grove, grunt_forest_small_clearing_treed
Lair:4:   layout_cave_pods, dpeg_slime_entry_enclosed, minivault_24,
          nicolae_lair_grove_arrangements, columned_hall_lemuel, uniq_rupert
Lair:5:   gammafunk_lair_ancient_temple, layout_gridlike,
          infiniplex_staircase_pool
Shoals:1: layout_shoals, yaktaur_hedge, uniq_nikola
Shoals:2: layout_shoals, serial_shops, nicolae_shop_rolling_square,
          nicolae_shoals_lost_giant_amphitheater
Shoals:3: layout_shoals, uniq_kirke
Shoals:4: shoals_end_simple, layout_shoals, serial_shops,
          nicolae_shop_tiny_real_fake_doors
Snake:1:  layout_layer_cave, minmay_shop_star, uniq_asterion
Snake:2:  nicolae_snakescales, layout_basic, serial_bayou_shore_b,
          grunt_megastairs_4, serial_bayou_shore_b
Snake:3:  layout_grid_maze, minmay_snake_pond, grunt_megastairs_5
Snake:4:  minmay_snake_end_coiled, layout_layer_cave, uniq_vashnia
Orc:1:    layout_caves, uniq_nergalle, uniq_fannar, uniq_gastronok
Orc:2:    st_orc_open, layout_caves, serial_shops, nicolae_shop_tiny_glass,
          uniq_jorgrun
Elf:1:    minmay_elf_arrival_circle, layout_geoelf_grid, serial_shops,
          nicolae_shop_trees, minmay_elf_crystal_heptagon
Elf:2:    nicolae_elf_blades_splatter_lattice [grunt_blade_entry_basic],
          layout_loops_cross, gammafunk_ghost_wrathful_warriors,
          dreamdust_wishing_well
Vaults:1: nicolae_vaults_network_quincunx
          [nicolae_vaults_network_quincunx_subvault,
          nicolae_vaults_network_quincunx_subvault,
          nicolae_vaults_network_quincunx_subvault,
          nicolae_vaults_network_quincunx_subvault,
          nicolae_vaults_network_quincunx_subvault],
          nicolae_vaults_branching_niches, nicolae_vaults_storage_closets_3,
          nicolae_vaults_octothorpe, nicolae_vaults_closet_pinwheel_1,
          ontoclasm_vaults_idyll, grunt_vaults_funnel, layout_vaults_omnigrid
Vaults:2: hangedman_vaults_slice, vaults_room_door_hall,
          nicolae_vaults_network_quinsquares
          [nicolae_vaults_network_quincunx_subvault,
          nicolae_vaults_network_quincunx_subvault,
          nicolae_vaults_network_quincunx_subvault,
          nicolae_vaults_network_quincunx_subvault], not_door_vault_due,
          v_alt_pattern_5, vaults_dpeg_ring, vaults_room_door_hall,
          nicolae_vaults_tetromino_Z_1, ontoclasm_vaults_misaligned,
          nicolae_vaults_sightless_eye, layout_vaults_big_room, uniq_sojobo

Skill      XL: |  1  2  3  4  5  6  7  8  9 10 11 12 13 14 15 16 17 18 19 20 |
---------------+-------------------------------------------------------------+-----
Poison Magic   | 4 6 7 10 | 10.1
Spellcasting   | 3 4 6 8 9 11 13 | 13.7
Fighting       | 2 4 6 8 10 | 10.1
Summonings     | 4 7 9 10 12 15 18 20 21 | 21.0
Air Magic      | 3 7 |  7.6
Dodging        | 2 6 8 |  8.0
Armour         | 1 6 7 |  7.7
Shields        | 7 9 |  9.4
Fire Magic     | 3 |  3.3
Polearms       | 6 11 | 11.9
Conjurations   | 3 8 |  8.1
Earth Magic    | 6 |  6.3
Evocations     | 6 |  6.3
Stealth        | |  1.7
Transmutations | |  0.8

Action                     |  1- 3 |  4- 6 |  7- 9 | 10-12 | 13-15 | 16-18 | 19-21 || total
---------------------------+-------+-------+-------+-------+-------+-------+-------++-------
  Melee: Unarmed           |    14 |       |       |       |       |       |       ||    14
         Mace              |     8 |    16 |     8 |       |       |       |       ||    32
         Short sword       |       |       |    61 |   124 |       |       |       ||   185
         Headbutt          |       |       |    12 |    55 |   135 |    85 |   110 ||   397
         Punch             |       |       |       |     5 |       |       |       ||     5
         Trident           |       |       |       |    93 |   582 |   662 |   369 ||  1706
   Cast: Sting             |    92 |   161 |    87 |    24 |     2 |     7 |       ||   373
         Call Imp          |       |     9 |    13 |    18 |     5 |     2 |     3 ||    50
         Mephitic Cloud    |       |     8 |     2 |       |     3 |       |       ||    13
         Magic Dart        |       |    30 |       |       |       |       |       ||    30
         Poisonous Vapours |       |     9 |     7 |     1 |     2 |       |       ||    19
         Olgreb's Toxic Ra |       |     2 |    28 |    54 |    57 |    43 |     7 ||   191
         Summon Lightning  |       |       |     5 |    59 |    60 |    67 |       ||   191
         Summon Mana Viper |       |       |       |       |    41 |    28 |     1 ||    70
         Ignite Poison     |       |       |       |       |    22 |    31 |     5 ||    58
         Monstrous Menager |       |       |       |       |    18 |    23 |       ||    41
         Airstrike         |       |       |       |       |       |   106 |     4 ||   110
         Summon Hydra      |       |       |       |       |       |   144 |   185 ||   329
         Dragon's Call     |       |       |       |       |       |       |     3 ||     3
 Invoke: Curse Item        |       |       |     2 |     5 |     7 |     1 |     1 ||    16
         Shatter the Chain |       |       |       |     3 |     2 |       |     1 ||     6
  Evoke: Wand              |       |       |       |       |     2 |       |       ||     2
    Use: Scroll            |       |       |     9 |     4 |     2 |     8 |    10 ||    33
         Potion            |       |       |       |     6 |       |     1 |     1 ||     8
   Stab: Sleeping          |       |       |     1 |     2 |     9 |     6 |     2 ||    20
         Distracted        |       |       |     1 |     8 |     9 |    25 |    10 ||    53
         Confused          |       |       |     1 |       |       |     1 |       ||     2
         Petrified         |       |       |       |     4 |     4 |       |       ||     8
 Armour: Robe              |    25 |    17 |    13 |     5 |       |       |       ||    60
         Steam dragon scal |       |       |       |    54 |       |       |       ||    54
         Leather armour    |       |       |       |    26 |   127 |   107 |    65 ||   325
  Dodge: Dodged            |    92 |    76 |    64 |   215 |   268 |   247 |   127 ||  1089
  Block: Kite shield       |       |       |       |       |   347 |   366 |   191 ||   904

Table legend: (Time is in decaauts)
 A = Elapsed time spent in this place.
 B = Non-inter-level travel time spent in this place.
 C = Inter-level travel time spent in this place.
 D = Time resting spent in this place.
 E = Time spent auto-exploring this place.
 F = Levels seen in this place.
 G = Mean time per level.
                   A        B        C        D        E       F      G
               +--------+--------+--------+--------+--------+-----+--------+
         Total |  45301 |  40043 |   5258 |   4020 |  27175 |  39 | 1161.6 |
       Dungeon |  16347 |  13659 |   2688 |   1127 |   9601 |  15 | 1089.8 |
        Temple |    262 |    229 |     33 |      0 |    219 |   1 |  262.0 |
          Lair |   6869 |   5671 |   1198 |     80 |   4381 |   5 | 1373.8 |
        Shoals |   5633 |   5133 |    500 |   1120 |   2856 |   4 | 1408.2 |
     Snake Pit |   6062 |   5764 |    298 |    769 |   3881 |   4 | 1515.5 |
  Orcish Mines |   1748 |   1345 |    403 |      9 |   1019 |   2 |  874.0 |
   Elven Halls |   2341 |   2251 |     90 |    165 |   1599 |   2 | 1170.5 |
        Vaults |   3983 |   3937 |     46 |    246 |   2824 |   2 | 1991.5 |
         Sewer |    498 |    498 |      0 |      0 |    385 |   1 |  498.0 |
       Ossuary |      2 |      2 |      0 |      0 |      0 |   1 |    2.0 |
        Bailey |   1063 |   1063 |      0 |    456 |    231 |   1 | 1063.0 |
      Gauntlet |    486 |    486 |      0 |     48 |    178 |   1 |  486.0 |
               +--------+--------+--------+--------+--------+-----+--------+

Top non-repeatable levels by time:
Vaults:1: 2129 daAuts
     D:2: 2118 daAuts
  Lair:1: 1988 daAuts
Vaults:2: 1854 daAuts
Shoals:3: 1791 daAuts
 Snake:2: 1755 daAuts
Shoals:4: 1746 daAuts
 Snake:4: 1637 daAuts
     D:8: 1622 daAuts
  Lair:5: 1592 daAuts
 Snake:3: 1447 daAuts
     D:7: 1350 daAuts
     D:6: 1333 daAuts
   Elf:2: 1322 daAuts
     D:1: 1288 daAuts
